 Dungeon Crawl Stone Soup version 0.30-a0-738-g116ff8c4af (webtiles) character file.

Game seed: 8733686459553397692

2646 cforsyth the Destroyer (level 9, -5/45 HPs)
             Began as a Tengu Fire Elementalist on Feb 4, 2023.
             Was an Initiate of Vehumet.
             Killed from afar by a starcursed mass (9 damage)
             ... with an accursed screaming
             ... on level 2 of the Abyss.
             The game lasted 00:19:26 (11286 turns).

cforsyth the Destroyer (Tengu Fire Elementalist)   Turns: 11286, Time: 00:19:27

Health: -5/45      AC:  3    Str:  9    XL:     9   Next: 62%
Magic:  20/20      EV: 24    Int: 19    God:    Vehumet [......]
Gold:   499        SH:  0    Dex: 13    Spells: 19/22 levels left

rFire   . . .      SeeInvis .    C - +5 sling "Ydinaosable" {flame, rElec rC+ Will+ Dex-4}
rCold   + . .      Faith    .    (no shield)
rNeg    . . .      Spirit   .    l - +1 robe "Wutoiliq" {Dex+2}
rPois   .          Reflect  .    (helmet restricted)
rElec   +          Harm     .    (no cloak)
rCorr   .          Rampage  .    (no gloves)
Will    +....                    (boots unavailable)
Stlth   ++                       (no amulet)
HPRegen 0.27/turn                a - +5 ring of evasion
MPRegen 0.17/turn                n - +5 ring of evasion

@: flying quickly and evasively, quick
A: beak, talons 3, nimble flight
a: Renounce Religion


You were on level 2 of the Abyss.
You worshipped Vehumet.
Vehumet was noncommittal.
You visited 2 branches of the dungeon, and saw 9 of its levels.
You visited the Abyss 1 time.

You collected 499 gold pieces.

Inventory:

Hand Weapons
 C - the +5 sling "Ydinaosable" (weapon) {flame, rElec rC+ Will+ Dex-4}
   (You took it off a gnoll on level 7 of the Dungeon)

   Dex:       It affects your dexterity (-4).
   rC:        It protects you from cold.
   rElec:     It insulates you from electricity.
   Will:      It increases your willpower.
Missiles
 D - 2 throwing nets
Armour
 l - the +1 robe "Wutoiliq" (worn) {Dex+2}
   (You found it on level 2 of the Dungeon)

   Dex:       It affects your dexterity (+2).
Jewellery
 a - a +5 ring of evasion (left hand)
 i - a ring of fire
 n - a +5 ring of evasion (right hand)
 y - a ring of fire
Wands
 p - a wand of charming (10)
 x - a wand of iceblast (9)
Scrolls
 c - 5 scrolls of teleportation {unknown}
 d - a scroll of noise {unknown}
 e - 10 scrolls of identify {unknown}
 f - a scroll of blinking {unknown}
 g - a scroll of acquirement {unknown}
 j - 3 scrolls of vulnerability {unknown}
 k - 2 scrolls of enchant weapon {unknown}
 q - a scroll of fear {unknown}
 s - a scroll of immolation {unknown}
 t - a scroll of magic mapping {unknown}
 w - a scroll of poison {unknown}
Potions
 b - 2 potions of magic
 h - 3 potions of curing
 m - 2 potions of lignification {unknown}
 o - 3 potions of flight {unknown}
 r - a potion of attraction {unknown}
 u - a potion of might {unknown}
 v - a potion of resistance {unknown}
 z - 3 potions of brilliance {unknown}
 A - a potion of heal wounds {unknown}
 B - a potion of mutation {unknown}


   Skills:
 - Level 2.1 Dodging
 - Level 2.0 Stealth
 + Level 7.1 Spellcasting
 + Level 9.7 Conjurations
 + Level 8.8 Fire Magic


You had 19 spell levels left.
You knew the following spells:

 Your Spells              Type           Power      Damage    Failure   Level
a - Foxfire               Conj/Fire      100%       2x1d9     1%          1
b - Scorch                Fire           80%        2d9       1%          2

Your spell library contained the following spells:

 Spells                   Type           Power      Damage    Failure   Level
 Flame Wave               Conj/Fire      42%        2d11      2%          4
 Dazzling Flash           Conj/Hex       50%        N/A       4%          3
 Inner Flame              Hex/Fire       23%        N/A       4%          3
 Kindle Blastsparks       Fire/Tloc/Air  34%        2d12      9%          3
 Necrotise                Necr           24%        1d5       10%         1
 Iskenderun's Mystic Bla  Conj/Tloc      25%        2d7       14%         4
 Lesser Beckoning         Tloc           12%        N/A       16%         2
 Gell's Gravitas          Tloc           6%         N/A       30%         3
 Portal Projectile        Hex/Tloc       12%        N/A       30%         3
 Teleport Other           Tloc           6%         N/A       30%         3
 Tukima's Dance           Hex            6%         N/A       30%         3
 Vampiric Draining        Necr           6%         2d6       30%         3
 Starburst                Conj/Fire      21%        6d7       34%         6
 Agony                    Necr           6%         N/A       95%         5
 Blade Hands              Tmut           3%         N/A       95%         5


Dungeon Overview and Level Annotations

Branches:
Dungeon (8/15)             Temple (1/1) D:6
   Lair: D:8-11

Altars:
Ashenzari
Cheibriados
Dithmenos
Elyvilon
Fedhas
Gozag
Hepliaklqana
Kikubaaqudgha
Makhleb
Nemelex Xobeh
Okawaru
Qazlal
Ru
Sif Muna
Trog
Uskayaw
Vehumet
Xom
Yredelemnul
Zin
The Shining One

Annotations:
D:3 1 runed translucent door, Crazy Yiuf
D:8 Psyche


Innate Abilities, Weirdness & Mutations

You have a beak for a mouth.
You have claws for feet.
Your magical nature lets you fly swiftly and evasively.


Message History

You fly downwards.
There is a stone staircase leading up here.
Found a stone staircase leading up.
Okay, then.
Unknown command.
Unknown command.
Psyche the Insane Magess comes into view.
She is wielding a +1 dagger of chaos.
Psyche shouts!
Psyche casts a spell.
A swirling arc of seething chaos appears!
The arc of chaos hits you!
You are cast into the Abyss!
This branch contains the abyssal rune of Zot.
Unknown command.
Unknown command.
You are suddenly pulled into a different region of the Abyss!
A starcursed mass comes into view.
A starcursed mass splits.
A starcursed mass splits.
A starcursed mass splits.
A chorus of shrieks assaults your mind.
A starcursed mass splits.
A chorus of shrieks assaults your mind. A chorus of shrieks assaults your mind.
The starcursed mass shrieks in your mind.
A starcursed mass splits.
A starcursed mass splits.
Unknown command.
A starcursed mass splits.
A chorus of shrieks assaults your mind. A chorus of shrieks assaults your mind.
* * * LOW HITPOINT WARNING * * *
A starcursed mass comes into view.
A starcursed mass splits.
The brown very ugly thing gurgles horribly!
A chorus of shrieks assaults your mind.
* * * LOW HITPOINT WARNING * * *
Unknown command.
A chorus of shrieks assaults your mind.
You die... §#.# §§.. uX.

#.. #X#
#.# #.# #
##.###..#
#..@..#
#X#.#..#
X..#.#..#
..#
###..#
### ..#
..# .##
##


You could see 3 starcursed masses and a brown very ugly thing.

Vanquished Creatures
  A wyvern (D:4)
  A steam dragon (D:7)
  A sky beast (D:7)
  An orc warrior (D:6)
  An ogre (D:6)
  3 phantoms
  6 centaurs (D:7)
  A kobold brigand (D:6)
  2 gnoll sergeants (D:7)
  A bullfrog (D:7)
  A necrophage (D:7)
  3 scorpions
  An electric eel (D:6)
  4 hounds
  A jelly (D:7)
  Jessica (D:3)
  Natasha (twice) (D:3)
  7 iguanas
  4 orc wizards
  8 gnolls (D:7)
  15 adders
  7 worms
  4 dart slugs
  18 orcs
  7 ball pythons
  11 endoplasms
  A giant cockroach (D:2)
  7 goblins
  6 hobgoblins
  12 jackals
  5 quokkas
  4 bats
  6 frilled lizards
  10 kobolds
  7 rats
170 creatures vanquished.

Vanquished Creatures (others)
  1128 foxfires
1128 creatures vanquished.

Grand Total: 1298 creatures vanquished

Notes
Turn   | Place    | Note
-------+----------+-------------------------------------------
     0 | D:1      | cforsyth the Tengu Fire Elementalist began the quest for
                  | the Orb.
     0 | D:1      | Reached XP level 1. HP: 10/10 MP: 4/4
   215 | D:1      | Found a faded altar of an unknown god.
   259 | D:1      | Reached XP level 2. HP: 15/15 MP: 3/6
   260 | D:1      | Reached skill level 2 in Conjurations
   807 | D:1      | Reached XP level 3. HP: 19/19 MP: 3/7
  1911 | D:2      | Reached skill level 3 in Conjurations
  1999 | D:2      | Reached XP level 4. HP: 23/24 MP: 1/9
  2270 | D:2      | Found a glowing silver altar of Zin.
  2786 | D:2      | Identified the +1 robe "Wutoiliq" {Dex+2}
  3001 | D:2      | Learned a level 2 spell: Scorch
  3353 | D:3      | Noticed Jessica
  3357 | D:3      | Killed Jessica
  3358 | D:3      | Gained mutation: Your magical nature lets you fly swiftly
                  | and evasively. [Tengu growth]
  3358 | D:3      | Reached XP level 5. HP: 28/28 MP: 6/10
  3366 | D:3      | Found a sparkling altar of Nemelex Xobeh.
  3450 | D:3      | Noticed Natasha
  3455 | D:3      | Killed Natasha
  3456 | D:3      | Reached skill level 4 in Conjurations
  3751 | D:3      | Found a runed translucent door.
  3752 | D:3      | Noticed Crazy Yiuf
  4099 | D:3      | Noticed Natasha
  4132 | D:3      | Killed Natasha
  4247 | D:3      | Found a white marble altar of Elyvilon.
  4686 | D:4      | Reached XP level 6. HP: 32/32 MP: 3/12
  5035 | D:4      | Reached skill level 5 in Fire Magic
  5304 | D:4      | Found a hazy altar of Hepliaklqana.
  5535 | D:4      | Reached skill level 5 in Conjurations
  6267 | D:5      | Entered Level 5 of the Dungeon
  6267 | D:5      | Noticed a wyvern
  6304 | D:5      | Reached XP level 7. HP: 36/36 MP: 4/14
  6552 | D:4      | Killed a wyvern
  6727 | D:5      | Reached skill level 6 in Conjurations
  7374 | D:5      | Found an opulent altar of Gozag.
  7427 | D:5      | Reached skill level 5 in Spellcasting
  7427 | D:5      | Reached XP level 8. HP: 41/41 MP: 7/16
  7719 | D:6      | Found a shadowy altar of Dithmenos.
  7719 | D:6      | Found a burning altar of Makhleb.
  7924 | D:6      | Reached skill level 7 in Conjurations
  8440 | D:6      | Found a hide-covered altar of Uskayaw.
  8446 | D:6      | Found a bloodstained altar of Trog.
  8823 | D:6      | Reached skill level 8 in Conjurations
  9008 | D:6      | Found a glowing silver altar of Zin.
  9142 | D:6      | Found a staircase to the Ecumenical Temple.
  9155 | Temple   | Entered the Ecumenical Temple
  9162 | Temple   | Became a worshipper of Vehumet
  9310 | D:7      | Reached XP level 9. HP: 33/45 MP: 13/19
  9587 | D:7      | Reached skill level 9 in Conjurations
 10547 | D:7      | Identified the +5 sling "Ydinaosable" {flame, rElec rC+
                  | Will+ Dex-4}
 11187 | D:8      | Noticed Psyche
 11187 | Abyss:2  | Cast into level 2 of the Abyss (Psyche)
 11232 | Abyss:2  | Noticed a starcursed mass
 11283 | Abyss:2  | Noticed a starcursed mass
 11283 | Abyss:2  | Noticed a brown very ugly thing
 11286 | Abyss:2  | Killed from afar by a starcursed mass

Illustrated notes

Levels and vault maps discovered:
D:1:      minmay_arrival_five_plusses, layout_basic,
          hellmonk_ecumenical_altar_dog_temple, dreamdust_wishing_well
D:2:      minmay_angry_zag, layout_loops_cross, basic_altar
D:3:      layout_loops_corners, nemelex_diamond_rough_becter,
          mainiacjoe_overflow_alcove_4, uniq_crazy_yiuf_cottage, uniq_jessica,
          uniq_natasha
D:4:      layout_basic, mainiacjoe_overflow_chevrons
D:5:      layout_cave_pools, grunt_gozag_breadcrumbs
D:6:      nicolae_cairo_tiling_very_big, layout_loops_ring,
          mainiacjoe_overflow_catch_the_wave, zin_treasury,
          grunt_temple_overflow_open, temple_hall
D:7:      layout_basic, centaur_isle
D:8:      layout_basic, uniq_prince_ribbit1, uniq_pikel, uniq_psyche
Temple:   nicolae_temple_no_exploring_needed
Abyss:2:  base: D:2, evilmike_abyss_exit_15

Skill      XL: |  1  2  3  4  5  6  7  8  9 |
---------------+----------------------------+-----
Conjurations   | 2 3 4 5 6 8 9 |  9.7
Fire Magic     | 4 5 6 7 8 |  8.8
Spellcasting   | 3 4 5 6 7 |  7.1
Dodging        | |  2.1
Stealth        | |  2.0

Action                     |  1- 3 |  4- 6 |  7- 9 || total
---------------------------+-------+-------+-------++-------
  Melee: Unarmed           |     2 |    11 |     4 ||    17
         Peck              |     1 |     2 |       ||     3
         Kick              |     1 |     2 |     1 ||     4
         Punch             |       |     1 |       ||     1
   Fire: Sling             |       |       |     5 ||     5
   Cast: Foxfire           |   102 |   203 |   369 ||   674
         Scorch            |       |       |     3 ||     3
 Armour: Robe              |     9 |     7 |     4 ||    20
  Dodge: Dodged            |    25 |    76 |   128 ||   229

Table legend: (Time is in decaauts)
 A = Elapsed time spent in this place.
 B = Non-inter-level travel time spent in this place.
 C = Inter-level travel time spent in this place.
 D = Time resting spent in this place.
 E = Time spent auto-exploring this place.
 F = Levels seen in this place.
 G = Mean time per level.
                   A        B        C        D        E       F      G
               +--------+--------+--------+--------+--------+-----+--------+
         Total |  10865 |  10661 |    204 |    336 |   8674 |  10 | 1086.5 |
       Dungeon |  10763 |  10565 |    198 |    336 |   8674 |   8 | 1345.4 |
        Temple |     13 |      7 |      6 |      0 |      0 |   1 |   13.0 |
         Abyss |     88 |     88 |      0 |      0 |      0 |   1 |   88.0 |
               +--------+--------+--------+--------+--------+-----+--------+

Top non-repeatable levels by time:
     D:7: 1871 daAuts
     D:4: 1781 daAuts
     D:2: 1660 daAuts
     D:1: 1515 daAuts
     D:6: 1472 daAuts
     D:3: 1405 daAuts
     D:5: 1039 daAuts
 Abyss:2: 88 daAuts
     D:8: 17 daAuts
  Temple: 13 daAuts
